 Dungeon Crawl Stone Soup version 0.28.0-43-g3370ac3207 (webtiles) character file.

Game seed: 13147763559718151483

2974 Peloso the Carver (level 9, -12/79 HPs)
             Began as a Minotaur Fighter on Feb 28, 2022.
             Mangled by an orc knight
             ... wielding a +0 glaive
              (25 damage)
             ... in a bailey.
             The game lasted 00:13:21 (7602 turns).

Peloso the Carver (Minotaur Fighter)                Turns: 7602, Time: 00:13:21

Health: -12/79     AC: 12    Str: 23    XL:     9   Next: 53%
Magic:  8/8        EV:  9    Int:  5    God:
Gold:   494        SH:  5    Dex: 12    Spells: 8/8 levels left

rFire   . . .      SeeInvis .   a - +3 scimitar
rCold   . . .      Faith    .   c - +0 buckler
rNeg    . . .      Spirit   .   r - +0 chain mail
rPois   .          Reflect  .   (helmet restricted)
rElec   .          Harm     .   F - +0 cloak
rCorr   .          Rampage  .   (no gloves)
Will    .....                   (no boots)
Stlth   ..........              (no amulet)
HPRegen 0.23/turn               j - +4 ring of slaying
MPRegen 0.11/turn               (no ring)

@: on berserk cooldown, slowed, very slow
A: horns 2, retaliatory headbutt
a: no special abilities


You were in a bailey.
You visited 1 branch of the dungeon, and saw 7 of its levels.
You also visited: Ossuary and Bailey.

You collected 494 gold pieces.

Inventory:

Hand Weapons
 a - a +3 scimitar (weapon)
 b - the +5 dagger of Gozag's Esteem {vorpal, Int+4 Dex+7 Stlth-}
   (You found it on level 3 of the Dungeon)

   It inflicts extra damage upon your enemies.
   Int:       It affects your intelligence (+4).
   Dex:       It affects your dexterity (+7).
   Stlth:     It makes you less stealthy.
 J - a +0 war axe
Armour
 c - a +0 buckler (worn)
 p - a +0 scale mail
 r - a +0 chain mail (worn)
 F - a +0 cloak (worn)
Jewellery
 j - a +4 ring of slaying (left hand)
 o - a ring of see invisible
 x - a ring of flight
Wands
 u - a wand of flame (12)
 E - a wand of polymorph (14)
Scrolls
 e - 3 scrolls of immolation {unknown}
 f - 3 scrolls of blinking {unknown}
 g - 2 scrolls of magic mapping {unknown}
 h - a scroll of noise {unknown}
 m - 4 scrolls of teleportation {unknown}
 t - a scroll of fog {unknown}
 y - a scroll of fear {unknown}
 A - a scroll of vulnerability {unknown}
 C - a scroll of amnesia {unknown}
 D - a scroll of holy word {unknown}
 I - 2 scrolls of enchant weapon
Potions
 d - 2 potions of might
 i - 2 potions of heal wounds
 k - a potion of invisibility
 n - 4 potions of flight
 q - a potion of curing
 s - 3 potions of haste {unknown}
 v - 3 potions of lignification {unknown}
 w - 2 potions of brilliance {unknown}
 z - 2 potions of ambrosia {unknown}
 B - 2 potions of resistance {unknown}
 G - a potion of mutation {unknown}
 H - 4 potions of cancellation {unknown}


   Skills:
 + Level 7.2 Fighting
 + Level 10.6 Long Blades
 + Level 9.3 Armour
 + Level 2.6 Dodging
 + Level 0.9 Stealth
 + Level 5.8 Shields


You had 8 spell levels left.
You didn't know any spells.
Your spell library contained the following spells:

 Spells                   Type           Power      Damage    Failure   Level
 Slow                     Hex            0%         N/A       99%         1
 Blink                    Tloc           0%         N/A       99%         2
 Confusing Touch          Hex            0%         N/A       100%        3
 Lesser Beckoning         Tloc           0%         N/A       100%        3
 Vampiric Draining        Necr           0%         2d6       100%        3
 Manifold Assault         Tloc           0%         N/A       100%        5


Dungeon Overview and Level Annotations

Branches:
Dungeon (7/15)            Ossuary (visited)          Bailey (1/1)
 Temple: D:4-7

Altars:
Dithmenos
Ru
Trog

Shops:
D:1 [


Innate Abilities, Weirdness & Mutations

You have a pair of horns on your head.
You reflexively headbutt those who attack you in melee.


Message History

The orc knight hits you but does no damage.
You feel a strong urge to attack something.
The orc knight hits you with a +0 glaive!!
You see here an orc corpse.
You slice the orc knight!!
The orc knight is heavily wounded.
You feel a strong urge to attack something.
The orc knight hits you from afar with a +0 glaive!
The orc warrior barely misses you.
You are no longer berserk.
You are exhausted.
You feel yourself slow down.
You hit the orc knight but do no damage.
The orc knight is moderately wounded.
The orc knight closely misses you. You furiously retaliate!
You headbutt the orc knight. You block the orc warrior's attack.
The orc knight hits you with a +0 glaive!
Unknown command.
You slash the orc knight! You headbutt the orc knight!
The orc knight is severely wounded.
The orc warrior hits you from afar with a +0 halberd!
You block the orc knight's attack. The orc warrior closely misses you.
Unknown command.
You hit the orc knight.
The orc knight is severely wounded.
The orc knight hits you with a +0 glaive!
* * * LOW HITPOINT WARNING * * *
The orc warrior barely misses you.
Unknown command.
You closely miss the orc knight.
The orc knight is severely wounded.
The orc warrior no longer looks unusually strong.
The orc knight completely misses you. The orc warrior closely misses you.
The orc knight roars a battlecry!
The orc warrior goes into a battle-frenzy!
The orc warrior completely misses you.
You hit the orc knight. You headbutt the orc knight.
The orc knight is severely wounded.
The orc knight hits you with a +0 glaive!!
You die...

####### ####### ##### ))))..##
##.o...#########.....
.#)....######..รท@.o.#.....#......
###....#)...#).##...'.....'..#...
.8....)))..))).8....'.....'...o..
###....#....#..##...'.....'..#...
.#.....######.......#.....#......
......## ##.....#########.....
####### ####### #####


You could see an orc knight and an orc warrior (strong).

Vanquished Creatures
  A wyvern (D:7)
  2 steam dragons
  A black bear (D:6)
  3 sky beasts
  An ice beast (D:7)
  A necrophage (D:4)
  5 orc warriors
  An ogre (D:6)
  A centaur (D:6)
  A phantom (D:5)
  2 bullfrogs
  A wyvern skeleton (D:6)
  A killer bee (D:7)
  3 wights (D:7)
  2 centaur zombies (Ossuary)
  2 jellies
  A hound (D:5)
  6 orc priests
  A bullfrog skeleton (D:6)
  A centaur skeleton (D:6)
  2 iguanas
  6 orc wizards
  A killer bee zombie (D:5)
  3 ogre zombies (Ossuary)
  A hound skeleton (D:5)
  7 mummies (Ossuary)
  3 adders
  2 white imps
  An ufetubus (D:5)
  2 worms (D:2)
  3 dart slugs
  37 orcs
  9 endoplasms
  A giant cockroach (D:1)
  3 hobgoblins
  A jackal (D:4)
  A quokka (D:4)
  8 ball pythons
  5 bats
  5 frilled lizards
  4 goblins
  7 goblin zombies (Ossuary)
  3 hobgoblin zombies (Ossuary)
  7 kobolds
  4 kobold zombies (Ossuary)
  7 quokka zombies (Ossuary)
  8 rats
  6 rat zombies
184 creatures vanquished.

Notes
Turn   | Place    | Note
-------+----------+-------------------------------------------
     0 | D:1      | Peloso the Minotaur Fighter began the quest for the Orb.
     0 | D:1      | Reached XP level 1. HP: 19/19 MP: 0/0
   102 | D:1      | Found a faded altar of an unknown god.
   166 | D:1      | Found Puaxiast's Antique Armour Boutique.
   180 | D:1      | Reached XP level 2. HP: 24/27 MP: 1/1
   515 | D:1      | Reached skill level 3 in Long Blades
  1049 | D:2      | Reached XP level 3. HP: 33/33 MP: 2/2
  1383 | D:2      | Reached XP level 4. HP: 35/40 MP: 3/3
  2035 | D:3      | Reached skill level 5 in Armour
  2037 | D:3      | Reached XP level 5. HP: 44/47 MP: 4/4
  2049 | D:3      | Reached skill level 4 in Long Blades
  2329 | D:3      | Reached skill level 1 in Dodging
  2332 | D:3      | Identified the +5 dagger of Gozag's Esteem {vorpal, Int+4
                  | Dex+7 Stlth-}
  3272 | D:4      | Noticed a necrophage
  3273 | D:4      | Noticed a steam dragon
  3396 | D:4      | Killed a steam dragon
  3397 | D:4      | Reached skill level 5 in Long Blades
  3397 | D:4      | Reached XP level 6. HP: 20/55 MP: 5/5
  3681 | D:4      | Reached skill level 5 in Fighting
  3725 | D:4      | Found a sacrificial altar of Ru.
  3739 | D:4      | Found a bloodstained altar of Trog.
  3896 | D:5      | Entered Level 5 of the Dungeon
  4027 | D:5      | Reached XP level 7. HP: 58/61 MP: 6/6
  4404 | D:5      | Reached skill level 6 in Long Blades
  4791 | D:6      | Found a sand-covered staircase.
  4799 | Ossuary  | Entered an ossuary
  4954 | Ossuary  | Reached skill level 7 in Long Blades
  5053 | Ossuary  | Reached XP level 8. HP: 60/70 MP: 7/7
  5362 | D:6      | Reached skill level 8 in Long Blades
  5407 | D:6      | Reached skill level 5 in Shields
  5411 | D:6      | Reached skill level 9 in Long Blades
  5642 | D:6      | Found a shadowy altar of Dithmenos.
  6045 | D:6      | Reached skill level 10 in Long Blades
  6168 | D:6      | Reached XP level 9. HP: 68/78 MP: 8/8
  6718 | D:7      | Found a flagged portal.
  6750 | Bailey   | Entered a bailey
  7328 | Bailey   | HP: 1/79 [orc warrior/+0 glaive (22)]
  7585 | Bailey   | Noticed an orc knight
  7602 | Bailey   | Mangled by an orc knight

Illustrated notes

Levels and vault maps discovered:
D:1:      sevenhm_arrival_forest_fort_large_2, layout_loops_ring, serial_shops,
          shop, ebering_ecumenical_altar_ruins, serial_rivers,
          chequers_serial_rivers_room_b, chequers_serial_rivers_small_b,
          chequers_serial_rivers_small_3, chequers_serial_rivers_small_3,
          chequers_serial_rivers_small_a, grunt_decor_clamped,
          chequers_serial_rivers_micro_e
D:2:      layout_basic, nicolae_elevator_lobby_asterisk
D:3:      layout_loops_corners, kennysheep_potato
D:4:      layout_cave_pools, minitemple, grunt_tough_drop
D:5:      layout_basic, nrook_campfire, interstate_on_off
D:6:      layout_loops_ring, grunt_dithmenos_smoke_and_mirrors, enter_ossuary_3,
          minivault_4
D:7:      layout_layer_cave, minmay_temple_entry_stoned_glass, enter_bailey_2,
          minmay_crossroads, uniq_pikel
Bailey:   bailey_polearm_5, bailey

Skill      XL: |  1  2  3  4  5  6  7  8  9 |
---------------+----------------------------+-----
Armour         | 4 5 6 7 9 |  9.3
Fighting       | 4 5 6 7 |  7.2
Long Blades    | 3 5 7 10 | 10.6
Shields        | 4 5 |  5.8
Dodging        | 1 2 |  2.6
Stealth        | |  0.9

Action                   |  1- 3 |  4- 6 |  7- 9 || total
-------------------------+-------+-------+-------++-------
Melee: Long sword        |    88 |    74 |   206 ||   368
       Headbutt          |    16 |     9 |    67 ||    92
       Scimitar          |       |       |    68 ||    68
Evoke: Wand              |       |       |     4 ||     4
  Use: Scroll            |       |     3 |     3 ||     6
       Potion            |       |       |     5 ||     5
Armor: Scale mail        |    35 |    12 |       ||    47
       Chain mail        |       |    26 |   150 ||   176
Dodge: Dodged            |    45 |    27 |   122 ||   194
Block: Buckler           |    17 |    15 |    71 ||   103
